Amaranta V, neutral female human Wizard --- ---- --- --- ---- --->---- -----...--------------------.-- --.--- |..------....|.-----.-|......%%.%................---....| ---...|-..........--...<|- |...----------------...........| ---....--......--........-- ---.| --...........| --....)....^..............| |..-- |....|.--....---- |......-------------......|--- |...| |..--|..........| --....-- ---....|-..---.-| --- |.-- ---.--.....| ---...| ---....|.....|..---..-- |. |.......-| |.....| --....--|.........|....| |. ---..^...| ---.-.|.| |.....----.............-- |. |...I...- |.....|.| |......| --.............| -- |...I).... |.|..-|.| ---|.%.|..| --............- -......--.| |.|...|.--- --.--.------ --.......--...| ......-- |.|--.....| |.....| ---.--..--- .| .......| |.| |..--.--- |..).-- |...|---- | ........| --.------|...| --...----------.--- ..--.....| |...| |...| |...)..........| |. ----.-- --..| --.-- |...------------ -- --- ---- --- --.-- --- Amaranta V the Conjurer Experience level: 4 Strength: 8 Dexterity: 16 Constitution: 14 Intelligence: 18 Wisdom: 11 Charisma: 10 Health: 0(33) Energy: 27(31) Def: 4 Gold: 477 Moves: 2101 Dungeon seed: WHNMpx8nr_cdiKB- Game ID: Amaranta V_1442668209 Your Inventory: Coins $ - 477 gold pieces Amulets I - a cursed amulet of change Weapons a - a blessed +1 quarterstaff (weapon in hands) Armor e - an uncursed +0 cloak of magic resistance (being worn) y - an uncursed +2 pair of water walking boots (being worn) Comestibles t - 3 uncursed food rations w - an uncursed eucalyptus leaf A - an uncursed tripe ration F - an uncursed sprig of wolfsbane Scrolls h - 2 uncursed scrolls of magic mapping i - an uncursed scroll of destroy armor j - an uncursed scroll of create monster s - an uncursed scroll of scare monster C - a blessed scroll of enchant weapon D - 2 uncursed scrolls of remove curse Spellbooks k - a blessed spellbook of force bolt l - a blessed spellbook of magic missile m - an uncursed spellbook of knock x - an uncursed spellbook of detect food Potions f - 2 uncursed potions of levitation Rings c - an uncursed ring of sustain ability d - an uncursed ring of protection from shape changers r - an uncursed ring of stealth J - an uncursed ring of see invisible Wands b - a wand of make invisible (0:6) q - a wand of speed monster (0:4) Tools n - a magic marker (0:36) G - 7 uncursed tallow candles (0:200) H - an uncursed tin opener Spells and supernatural/magical abilities: Name Level Category Fail Memory a - force bolt 1 attack 0% 90% k - knock 1 matter 0% 90% m - magic missile 2 attack 0% 90% W - pray for help -- divine ? -- Your skills at the end: Fighting Skills Weapon Skills quarterstaff [Basic] Spellcasting Skills attack spells [Basic] enchantment spells [Basic] Final Attributes: You were devoutly aligned. You were magic-protected. You were blinded. You saw invisible. You were invisible to others. You could walk on water. You are dead. Vanquished creatures: a bugbear a gnome lord 2 dwarves an iguana a brown mold a red mold 5 gnomes a gecko 3 jackals a fox a kobold 2 goblins 5 grid bugs 2 lichens 3 kobold zombies 4 newts 34 creatures vanquished. Voluntary challenges: You were an atheist. You used a wielded weapon 44 times, starting on turn 18. You read items or engraved 3 times, starting on turn 831. You never genocided any monsters. You never polymorphed an object. You never changed form. You used no wishes. You never split a pudding. You never wrote Elbereth's name. You never violated your personal moral code. You abstained from Elbereth's help. Dungeon overview: The Dungeons of Doom: levels 1 to 4 Level 1 some fountains a long staircase Level 2 a general store Level 3 a delicatessen Level 4 a general store stairs to The Gnomish Mines The Gnomish Mines: Level 5 <- You were here stairs to The Dungeons of Doom History has recorded: On T:1 you entered the Dungeons of Doom to retrieve the Amulet of Yendor! On T:361 you reached level 2 of The Dungeons of Doom. On T:515 you advanced to experience level 2. On T:834 you reached level 3 of The Dungeons of Doom. On T:1144 you advanced to experience level 3. On T:1260 you reached level 4 of The Dungeons of Doom. On T:1849 you reached level 1 of The Gnomish Mines. On T:2010 you advanced to experience level 4. Score breakdown: Gold: 477 ( 47 points) Experience: 4 levels ( 300 points) Exploration: 5 levels ( 120 points) Discoveries: 5 items ( 250 points) Variety of kills: 16 monsters ( 800 points) Major goal: (nothing yet) ( 0 points) Survival: died (score multiplied by 3) Total score: 4551 Latest messages: You hit something. Something bumps right into you! Something bites! You die... Final status: Goodbye Amaranta V the Wizard, killed by a garter snake... You died in The Gnomish Mines on dungeon level 5 with 4551 points, and 477 pieces of gold, after 2101 moves. You were level 4 with a maximum of 33 hit points when you died.